cohdb
Replays
Latest Replays
All Replays
Popular Replays
Top Player Replays
Match Explorer
How It Works
Community
CoH3 Stats
Reddit
Sign in to upload your games and track your stats! →
Sign in with Steam
Match 42514334
Unlisted
Match 42514334
Overview
Messages
Build Orders
End
Construct Section Command Post
Royal Engineer Section
Selects Canadian Shock Battlegroup
Infantry Section
Infantry Section
Grenade Package
Construct Field Infirmary
Selects Attacking Spirit
Selects Canadian Shock Section
Selects Incendiary Munitions
Canadian Shock Section
Construct Platoon Command Post
Humber Armored Car
Selects Pyrotechnics
6-pounder Anti-tank Gun Team
qZeto
BIOHAZARD
Gorgolo
Emua
feedtheyak
Chris
0
0
Comments
sign in to comment!
No comments posted yet!